 Dungeon Crawl Stone Soup version 0.21.1-1-g345015f (webtiles) character file.

145 toffzen the Magician (level 5, -8/37 HPs)
             Began as a Gnoll Wanderer on Mar 21, 2018.
             Mangled by Natasha (9 damage)
             ... on level 3 of the Dungeon.
             The game lasted 00:05:55 (3554 turns).

toffzen the Magician (Gnoll Wanderer)               Turns: 3554, Time: 00:05:57

Health: -8/37      AC:  2    Str: 14 (16) XL:     5   Next: 27%
Magic:  14/14      EV: 12    Int: 12 (14) God:
Gold:   119        SH:  0    Dex: 12 (14) Spells: 17/18 levels left

rFire    . . .     SeeInvis .   r - +0 mace
rCold    . . .     Gourm    .   (no shield)
rNeg     . . .     Faith    .   d - +0 robe
rPois    .         Spirit   .   (no helmet)
rElec    .         Reflect  .   (no cloak)
rCorr    .         Harm     .   (no gloves)
MR       .....                  (no boots)
Stlth    ++........             (no amulet)
HPRegen  0.12/turn              (no ring)
MPRegen  0.14/turn              (no ring)

@: very slightly contaminated, slowed, very slow
A: distributed training, fangs 1, strong nose
a: no special abilities


You were on level 3 of the Dungeon.
You were hungry.

You visited 1 branch of the dungeon, and saw 3 of its levels.

You collected 119 gold pieces.

Inventory:

Hand Weapons
 a - a +0 short sword
 r - a +0 mace (weapon)
Missiles
 h - 19 sling bullets
 k - 88 stones (quivered)
 l - 17 poisoned needles
 u - 4 javelins
 v - 14 bolts
Armour
 d - a +0 robe (worn)
Scrolls
 e - 2 scrolls of remove curse {unknown}
 g - a scroll of teleportation {unknown}
 j - a scroll of noise {unknown}
 n - 2 scrolls of identify {unknown}
 p - a scroll of fear {unknown}
 s - 4 scrolls of blinking {unknown}
 t - 2 scrolls of enchant armour {unknown}
Potions
 o - a potion of agility
Books
 b - the Tome of the Snowflakes

   Spells                             Type                      Level
   a - Throw Frost                    Conjuration/Ice              2
   b - Ensorcelled Hibernation        Hexes/Ice                    2
 i - a book of Minor Magic

   Spells                             Type                      Level
   a - Magic Dart                     Conjuration                  1
   b - Blink                          Translocation                2
   c - Call Imp                       Summoning                    2
   d - Slow                           Hexes                        2
   e - Conjure Flame                  Conjuration/Fire             3
   f - Mephitic Cloud                 Conjuration/Poison/Air       3
Comestibles
 f - 5 rations
 q - a chunk of flesh


   Skills:
 + Level 1.4 Fighting
 + Level 1.4 Short Blades
 + Level 1.4 Long Blades
 + Level 1.4 Axes
 + Level 1.4 Maces & Flails
 + Level 1.4 Polearms
 + Level 1.4 Staves
 + Level 1.4 Slings
 + Level 1.4 Bows
 + Level 1.4 Crossbows
 + Level 1.4 Throwing
 + Level 1.4 Armour
 + Level 1.4 Dodging
 + Level 1.4 Stealth
 + Level 2.9 Shields
 + Level 1.4 Unarmed Combat
 + Level 7.2 Spellcasting
 + Level 1.1 Conjurations
 + Level 3.9 Hexes
 + Level 1.1 Charms
 + Level 1.1 Summonings
 + Level 1.1 Necromancy
 + Level 1.1 Translocations
 + Level 1.1 Transmutations
 + Level 1.1 Fire Magic
 + Level 1.1 Ice Magic
 + Level 5.5 Air Magic
 + Level 1.1 Earth Magic
 + Level 1.1 Poison Magic
 + Level 1.5 Invocations
 + Level 2.9 Evocations


You had 17 spell levels left.
You knew the following spells:

 Your Spells              Type           Power        Failure   Level  Hunger
a - Magic Dart            Conj           #...         10%         1    None


Dungeon Overview and Level Annotations

Branches:
Dungeon (3/15)

Altars:

Annotations:
D:2 1 runed door
D:3 Natasha


Innate Abilities, Weirdness & Mutations

Your experience applies equally to all skills.
You have very sharp teeth.
Your uncanny sense of smell can sniff out nearby items.


Message History

It was a potion of degeneration.
There was something very wrong with that liquid.
You feel weakened.
You feel dopey.
You feel clumsy. The crimson imp hits you.
* * * LOW HITPOINT WARNING * * *
Natasha barely misses you.
It was a potion of magic.
Magic courses through your body. The crimson imp misses you.
Natasha mumbles some strange words.
Natasha's front paws start to glow.
Natasha casts a spell at you.
You feel yourself slow down.
You hit Natasha.
Natasha is almost dead.
Natasha claws you.
* * * LOW HITPOINT WARNING * * *
The crimson imp hits you.
* * * LOW HITPOINT WARNING * * *
Natasha claws you!
You die...

#.....#.#.......
#.###+#.#..........#
#.##....#..........#
#.......#[.........# #########
#.##....#..........#
#.......######....#..........#
#................[.[.........+
#.......#####.....##.........#
#.......#...#+#@####.........#
###...........5h# ###....####
#.............# #....#
#.............######....#
#.............'..h5.....#
#.............###########
#.............#
######........# ##########


You could see Natasha and a crimson imp.

Vanquished Creatures
  Natasha (D:3)
  4 adders (D:2)
  2 oozes (D:2)
  2 dart slugs (D:1)
  6 leopard geckos
  An orc (D:2)
  6 bats
  3 giant cockroaches
  5 goblins
  7 hobgoblins
  11 jackals
  A ball python (D:1)
  6 kobolds
  4 rats
59 creatures vanquished.

Notes
Turn   | Place    | Note
-------+----------+-------------------------------------------
     0 | D:1      | toffzen the Gnoll Wanderer began the quest for the Orb.
     0 | D:1      | toffzen set off with: a book of Minor Magic, the Tome of the Snowflakes, a potion of curing, a +0 robe, a +0 club, a ration
     0 | D:1      | Reached XP level 1. HP: 13/13 MP: 8/8
     0 | D:1      | Identified the Tome of the Snowflakes
     2 | D:1      | Learned a level 1 spell: Magic Dart
   218 | D:1      | Reached XP level 2. HP: 19/19 MP: 6/10
   766 | D:1      | Reached XP level 3. HP: 22/25 MP: 8/11
  1159 | D:1      | Reached skill level 1 in Invocations
  1542 | D:1      | Reached skill level 1 in Fighting
  1542 | D:1      | Reached skill level 1 in Short Blades
  1542 | D:1      | Reached skill level 1 in Long Blades
  1542 | D:1      | Reached skill level 1 in Axes
  1542 | D:1      | Reached skill level 1 in Maces & Flails
  1542 | D:1      | Reached skill level 1 in Polearms
  1542 | D:1      | Reached skill level 1 in Staves
  1542 | D:1      | Reached skill level 1 in Slings
  1542 | D:1      | Reached skill level 1 in Bows
  1542 | D:1      | Reached skill level 1 in Crossbows
  1542 | D:1      | Reached skill level 1 in Throwing
  1542 | D:1      | Reached skill level 1 in Armour
  1542 | D:1      | Reached skill level 1 in Dodging
  1542 | D:1      | Reached skill level 1 in Stealth
  1542 | D:1      | Reached skill level 1 in Unarmed Combat
  1856 | D:2      | Reached XP level 4. HP: 32/32 MP: 10/13
  2334 | D:2      | Reached skill level 1 in Conjurations
  2334 | D:2      | Reached skill level 1 in Charms
  2334 | D:2      | Reached skill level 1 in Summonings
  2334 | D:2      | Reached skill level 1 in Necromancy
  2334 | D:2      | Reached skill level 1 in Translocations
  2334 | D:2      | Reached skill level 1 in Transmutations
  2334 | D:2      | Reached skill level 1 in Fire Magic
  2334 | D:2      | Reached skill level 1 in Ice Magic
  2334 | D:2      | Reached skill level 1 in Earth Magic
  2334 | D:2      | Reached skill level 1 in Poison Magic
  2970 | D:2      | Found a runed door.
  2998 | D:2      | Reached XP level 5. HP: 35/37 MP: 10/14
  3321 | D:3      | Noticed Natasha
  3515 | D:3      | Killed Natasha
  3531 | D:3      | Noticed Natasha
  3554 | D:3      | HP: 1/37 [crimson imp[Natasha] (2)]
  3554 | D:3      | Mangled by Natasha

Skill      XL: |  1  2  3  4 |
---------------+-------------+-----
Invocations    | 1 |  1.5
Fighting       | 1 |  1.4
Short Blades   | 1 |  1.4
Long Blades    | 1 |  1.4
Axes           | 1 |  1.4
Maces & Flails | 1 |  1.4
Polearms       | 1 |  1.4
Staves         | 1 |  1.4
Slings         | 1 |  1.4
Bows           | 1 |  1.4
Crossbows      | 1 |  1.4
Throwing       | 1 |  1.4
Armour         | 1 |  1.4
Dodging        | 1 |  1.4
Stealth        | 1 |  1.4
Unarmed Combat | 1 |  1.4
Conjurations   | 1 |  1.1
Charms         | 1 |  1.1
Summonings     | 1 |  1.1
Necromancy     | 1 |  1.1
Translocations | 1 |  1.1
Transmutations | 1 |  1.1
Fire Magic     | 1 |  1.1
Ice Magic      | 1 |  1.1
Earth Magic    | 1 |  1.1
Poison Magic   | 1 |  1.1
Shields        | |  2.9
Spellcasting   | |  7.2
Hexes          | |  3.9
Air Magic      | |  5.5
Evocations     | |  2.9

Action                   |  1- 3 |  4- 6 || total
-------------------------+-------+-------++-------
Melee: Short sword       |    19 |     3 ||    22
       Bite              |     1 |     1 ||     2
       Mace              |       |    27 ||    27
 Cast: Magic Dart        |    86 |    81 ||   167
  Use: Potion            |     2 |     2 ||     4
  Eat: Chunk             |     2 |     2 ||     4
       Ration            |     1 |       ||     1
Armor: Robe              |    21 |    10 ||    31
Dodge: Dodged            |    47 |    33 ||    80
